 Dungeon Crawl Stone Soup version 0.31-a0-1529-g7bd419a0e5 (webtiles) character file.

Game seed: 17614770688728107441

43 Curundu the Poker (level 3, 0/34 HPs)
             Began as a Minotaur Berserker on Dec 31, 2023.
             Was a Believer of Trog.
             Slain by Robin
             ... wielding a +4 antimagic spear
              (3 damage)
             ... on level 2 of the Dungeon.
             The game lasted 00:03:06 (1052 turns).

Curundu the Poker (Minotaur Berserker)              Turns: 1052, Time: 00:03:06

Health: 0/34       AC:  9    Str: 23    XL:     3   Next: 37%
Magic:  0/2        EV: 11    Int:  4    God:    Trog [**....]
Gold:   41         SH:  0    Dex:  9    Spells: 2/2 levels left

rFire   . . .        a - +0 spear
rCold   . . .        (no shield)
rNeg    . . .        f - +0 ring mail
rPois   .            h - +2 hat
rElec   .            (no cloak)
rCorr   .            l - +1 pair of gloves
SInv    .            (no boots)
Will    .....        (no amulet) Stlth
                     (no ring)
HPRegen 0.25/turn    (no ring)
MPRegen 0.08/turn

%: no passive effects
@: no status effects
A: horns 2, retaliatory headbutt
a: Renounce Religion, Berserk, Trog's Hand


You were on level 2 of the Dungeon.
You worshipped Trog.
Trog was pleased with you.
You visited 1 branch of the dungeon, and saw 2 of its levels.

You collected 41 gold pieces.

Inventory:

Hand Weapons
 a - a +0 spear (weapon)
Armour
 f - a +0 ring mail (worn)
 h - a +2 hat (worn)
 l - a +1 pair of gloves (worn)
Scrolls
 c - a scroll of poison {unknown}
 d - 3 scrolls of fog {unknown}
 g - a scroll of enchant weapon {unknown}
 k - a scroll of enchant armour {unknown}
Potions
 b - a potion of cancellation {unknown}
 e - 2 potions of resistance {unknown}
 i - a potion of curing {unknown}
 j - 2 potions of attraction {unknown}


   Skills:
 + Level 4.3 Fighting
 + Level 4.5 Polearms
 + Level 2.8 Armour
 + Level 2.3 Dodging


You had 2 spell levels left.
You didn't know any spells.
Your spell library was empty.

Dungeon Overview and Level Annotations

Branches:
Dungeon (2/15)

Altars:

Annotations:
D:2 Robin


Innate Abilities, Weirdness & Mutations

You have a pair of horns on your head.
You reflexively headbutt those who attack you in melee.


Message History

The goblin hits you but does no damage.
Robin hits you with a +4 antimagic spear.
You barely miss Robin. The goblin closely misses you.
Robin hits you but does no damage.
You barely miss Robin. The goblin hits you but does no damage.
Robin hits you but does no damage.
You hit Robin. You headbutt Robin.
Robin is heavily wounded.
The goblin misses you.
Robin hits you with a +4 antimagic spear.
You hit Robin. You headbutt Robin.
Robin is almost dead.
The goblin hits you but does no damage.
Robin hits you with a +4 antimagic spear.
* * * LOW HITPOINT WARNING * * *
You barely miss Robin.
Robin is almost dead.
The goblin closely misses you.
Robin hits you with a +4 antimagic spear.
* * * LOW HITPOINT WARNING * * *
You feel your power leaking away.
You barely miss Robin.
Robin is almost dead.
The goblin hits you with a +0 dagger.
* * * LOW HITPOINT WARNING * * *
You hit Robin but do no damage.
Robin is almost dead.
Robin closely misses you.
You barely miss Robin.
Robin is almost dead.
The goblin hits you but does no damage.
Robin says, "Duck!"
Robin closely misses you.
You barely miss Robin.
Robin is almost dead.
The goblin no longer looks unusually strong.
The goblin hits you but does no damage.
Robin hits you with a +4 antimagic spear.
You die...
Robin calls out, "Let's celebrate!
Time for a feast!"

# #. #.. #...###
####.# .......
...#.#. ......g##
##...... .......@##
##.#..#.#
#...####g###.....#.#
# ##)#>.......#
#.)#..:..# #...$...#
######.###
#.....###.##.
#.#.<........
#.#.#.##.###.


You could see Robin and a goblin.

Vanquished Creatures
  A ribbon worm (D:2)
  2 ball pythons (D:1)
  5 endoplasms (D:1)
  A giant cockroach (D:2)
  14 goblins
  2 hobgoblins
  A kobold (D:1)
  3 quokkas (D:1)
  3 frilled lizards (D:1)
  A rat (D:1)
33 creatures vanquished.

Notes
Turn   | Place    | Note
-------+----------+-------------------------------------------
     0 | D:1      | Curundu the Minotaur Berserker began the quest for the Orb.
     0 | D:1      | Reached XP level 1. HP: 19/19 MP: 0/0
   234 | D:1      | Reached XP level 2. HP: 25/27 MP: 1/1
   317 | D:1      | Found a faded altar of an unknown god.
   976 | D:2      | Reached XP level 3. HP: 26/33 MP: 2/2
  1011 | D:2      | Noticed Robin
  1032 | D:2      | Reached ** piety under Trog
  1052 | D:2      | Slain by Robin

Illustrated notes

Levels and vault maps discovered:
D:1:      scummos_arrival_hexagon, layout_loops_corners,
          chequers_ecumenical_altar_simple, corexii_leaking_fountain
D:2:      layout_loops_cross, minmay_misc_feat_room, kennysheep_generic_room_16,
          uniq_natasha, uniq_robin, uniq_sigmund

Skill      XL: |  1  2 |
---------------+-------+-----
Polearms       | 4 |  4.5
Fighting       | 4 |  4.3
Armour         | |  2.8
Dodging        | |  2.3

Action                     || total
---------------------------++-------
  Melee: Spear             ||    82
         Headbutt          ||     9
         Punch             ||     2
 Armour: Ring mail         ||    56
         Animal skin       ||     4
  Dodge: Dodged            ||    39

Table legend: (Time is in decaauts)
 A = Elapsed time spent in this place.
 B = Non-inter-level travel time spent in this place.
 C = Inter-level travel time spent in this place.
 D = Time resting spent in this place.
 E = Time spent auto-exploring this place.
 F = Levels seen in this place.
 G = Mean time per level.
                   A        B        C        D        E       F      G
               +--------+--------+--------+--------+--------+-----+--------+
         Total |   1043 |   1043 |      0 |      0 |    795 |   2 |  521.5 |
       Dungeon |   1043 |   1043 |      0 |      0 |    795 |   2 |  521.5 |
               +--------+--------+--------+--------+--------+-----+--------+

Top non-repeatable levels by time:
     D:1: 960 daAuts
     D:2: 83 daAuts
